 Dungeon Crawl Stone Soup version 0.31-a0-339-gda1cbd555d (webtiles) character file.

Game seed: 15763682612189733889

716 Flugkiller the Changeling (level 7, -4/49 HPs)
             Began as an Octopode Shapeshifter on July 15, 2023.
             Was a Believer of Uskayaw.
             Slain by a black bear (8 damage)
             ... on level 4 of the Dungeon on July 20, 2023.
             The game lasted 00:08:24 (3152 turns).

Flugkiller the Changeling (Octopode Shapeshifter)   Turns: 3152, Time: 00:08:24

Health: -4/49      AC:  1    Str: 15    XL:     7   Next: 69%
Magic:  7/7        EV: 14    Int: 10    God:    Uskayaw [**....]
Gold:   170        SH:  0    Dex: 14    Spells: 6/6 levels left

rFire   . .          .
                       - Unarmed
rCold   . . .        (no shield)
rNeg    . . .        l - melded +2 hat {SInv}
rPois   .            (no amulet)
rElec   .            (no ring)
rCorr   .            (no ring)
SInv    .            (no ring)
Will    .....        (no ring)
Stlth   ++           (no ring)
HPRegen 0.28/turn    (no ring)
MPRegen 0.10/turn    (no ring)
                     (no ring)

%: no passive effects
@: beast-form
A: beast (slay +3), almost no armour, amphibious, 8 rings, camouflage 1,
gelatinous body 1, (nimble swimmer 1), tentacles
a: Begin Untransformation, Renounce Religion, Stomp, Line Pass


You were on level 4 of the Dungeon.
You worshipped Uskayaw.
Uskayaw was noncommittal.
You were a hulking beast.
You visited 2 branches of the dungeon, and saw 6 of its levels.

You collected 194 gold pieces.
You spent 24 gold pieces at shops.

Inventory:

Armour
 l - a +2 hat of see invisible (melded)
   (You found it on level 2 of the Dungeon)
Jewellery
 d - a ring of flight
   (You found it on level 1 of the Dungeon)
Talismans
 b - a beast talisman
Wands
 a - a wand of paralysis (3)
   (You found it on level 3 of the Dungeon)
 i - a wand of flame (2)
   (You took it off Robin on level 4 of the Dungeon)
 k - a wand of roots (11)
   (You found it on level 2 of the Dungeon)
Scrolls
 c - 3 scrolls of revelation
 e - 3 scrolls of vulnerability
 f - a scroll of butterflies
Potions
 g - a potion of magic {unknown}
 h - 2 potions of heal wounds {unknown}


   Skills:
 + Level 4.4 Fighting
 + Level 4.5 Dodging
 + Level 4.4 Unarmed Combat
 + Level 4.5 Shapeshifting


You had 6 spell levels left.
You didn't know any spells.
Your spell library contained the following spells:

 Spells                   Type           Power      Damage    Failure   Level
 Ozocubu's Armour         Ice            0%         N/A       75%         3
 Ozocubu's Refrigeration  Ice            0%         4d7       100%        7


Dungeon Overview and Level Annotations

Branches:
Dungeon (5/15) Zot: 26732  Temple (1/1) D:4 Zot: 5875

Altars:
Cheibriados
Dithmenos
Elyvilon
Fedhas
Gozag
Hepliaklqana
Kikubaaqudgha
Makhleb
Nemelex Xobeh
Okawaru
Qazlal
Ru
Sif Muna
Trog
Uskayaw
Vehumet
Wu Jian
Xom
Yredelemnul
Zin
The Shining One

Shops:
D:2 ?


Innate Abilities, Weirdness & Mutations

You are a hulking beast.
Your limbs bulge with bestial killing power. (Slay +3)
You cannot wear most types of armour.
You are amphibious.
You can wear up to eight rings at the same time.
Your skin changes colour to match your surroundings (Stealth+).
Your rubbery body absorbs attacks. (AC +1, EV +1)
((You are camouflaged when in or above water. (Stealth+)))
You have tentacles for arms and can constrict up to eight enemies at once.


Message History

Found a scale mail.
You now have 150 gold pieces (gained 9).
You now have 152 gold pieces (gained 2).
You now have 170 gold pieces (gained 18).
A sleepcap, an orc, a worm, a gnoll sergeant and a black bear come into view.
The gnoll sergeant is wielding a +2 trident of venom.
Found a scroll of fear and 5 stones.
Found a burning altar of Makhleb.
There are monsters nearby!
There are monsters nearby!
An ufetubus comes into view.
The gnoll sergeant shouts!
The orc shouts!
You hear an angry hiss. x2
The black bear bites you but does no damage.
The black bear claws you. x2
You hear an angry growl.
You tentacle-slap the black bear. You grab the black bear.
You squeeze the black bear.
The black bear is moderately wounded.
You constrict the black bear. You tentacle-slap the black bear.
You squeeze the black bear!
The black bear is severely wounded.
You constrict the black bear.
A black bear comes into view.
The gnoll sergeant hits you from afar with a +2 trident of venom!
You are poisoned.
The black bear barely misses you. The black bear closely misses you.
The black bear misses you.
You can now pass through a line of other dancers.
The black bear growls angrily.
You tentacle-slap the black bear but do no damage.
The black bear is almost dead.
You constrict the black bear.
You feel very sick. The gnoll sergeant barely misses you.
The black bear goes berserk!
You tentacle-slap the black bear.
You kill the black bear!
You feel sick. The gnoll sergeant barely misses you.
You feel sick.
You feel sick.
You feel sick.
You feel sick.
The orc grunts loudly, in orcish tradition.
You feel sick. The gnoll sergeant barely misses you.
You feel sick.
You can no longer pass through a line of other dancers.
You feel sick.
You are no longer poisoned.
There is a stone staircase leading up here.
The gnoll sergeant hits you from afar with a +2 trident of venom!
You climb upwards.
There is a stone staircase leading down here.
You start resting.
HP restored.
You start waiting.
Done waiting.
You climb downwards.
The black bear barely misses you. The black bear claws you.
The black bear barely misses you. The orc hits you with a +0 whip.
The black bear bites you! The black bear claws you.
The black bear barely misses you. The orc misses you.
The gnoll sergeant barely misses you.
There is a stone staircase leading up, spattered with blood here.
The black bear misses you. The black bear claws you. x2
The gnoll sergeant hits you from afar with a +2 trident of venom!
* * * LOW HITPOINT WARNING * * *
You are poisoned.
The orc barely misses you.
You climb upwards.
You feel very sick.
There is a stone staircase leading down here.
Okay, then.
You feel better. The orc hits you with a +0 whip.
* * * LOW HITPOINT WARNING * * *
The black bear bites you.
* * * LOW HITPOINT WARNING * * *
The black bear misses you. The black bear claws you.
* * * LOW HITPOINT WARNING * * *
The orc attacks as you move away! The orc misses you.
Okay, then.
You bludgeon the black bear! You grab the black bear.
The black bear is moderately wounded.
You constrict the black bear. The black bear completely misses you.
The black bear claws you.
* * * LOW HITPOINT WARNING * * *
The black bear claws you but does no damage.
You tentacle-slap the black bear but do no damage.
You squeeze the black bear.
The black bear is heavily wounded.
You constrict the black bear.
You can now pass through a line of other dancers.
You tentacle-slap the black bear.
The black bear is severely wounded.
You constrict the black bear.
The black bear bites you but does no damage.
The black bear claws you.
* * * LOW HITPOINT WARNING * * *
The black bear claws you.
* * * LOW HITPOINT WARNING * * *
You tentacle-slap the black bear.
The black bear is almost dead.
You constrict the black bear. The black bear bites you!
You die...

..# #.........#.# ..#
#.........#.# ..#
#.........#.# ..#
#.........#.# ..######
#.........#.#
.......###.........#.#
.......'.......o####.#
.#.....########h####.#
................h)...#
.....#.#........######
#....#.#.......##
#....#.#.......#
.....#.....♣.♣.#
.....#......>..#
...###.....♣.♣.#
##.............#######
.....................#


You could see a black bear and an orc.

Vanquished Creatures
  Grinder (D:3)
  A black bear (D:5)
  A kobold brigand (D:4)
  2 orc priests (D:3)
  An iguana (D:4)
  A sleepcap (D:4)
  2 orc wizards
  Robin (D:4)
  7 gnolls (D:4)
  An adder (D:2)
  5 worms
  2 dart slugs
  10 orcs
  6 ball pythons
  6 bats
  4 endoplasms
  A giant cockroach (D:2)
  10 hobgoblins
  7 kobolds
  2 quokkas
  5 frilled lizards
  19 goblins
  4 rats
99 creatures vanquished.

Notes
Turn   | Place    | Note
-------+----------+-------------------------------------------
     0 | D:1      | Flugkiller the Octopode Shapeshifter began the quest for
                  | the Orb.
     0 | D:1      | Reached XP level 1. HP: 14/14 MP: 1/1
    33 | D:1      | Reached XP level 2. HP: 13/19 MP: 2/2
   308 | D:1      | Reached XP level 3. HP: 25/25 MP: 3/3
   874 | D:2      | Reached XP level 4. HP: 30/30 MP: 4/4
  1017 | D:2      | Found The Oracle's Delphic Readings.
  1021 | D:2      | Bought a scroll of identify for 24 gold pieces
  1244 | D:3      | Reached XP level 5. HP: 34/36 MP: 5/5
  1725 | D:3      | Noticed Grinder
  1740 | D:3      | Killed Grinder
  1741 | D:3      | Reached XP level 6. HP: 24/43 MP: 6/6
  2054 | D:4      | Reached XP level 7. HP: 42/47 MP: 7/7
  2110 | D:4      | Noticed Robin
  2420 | D:4      | Found a staircase to the Ecumenical Temple.
  2426 | Temple   | Entered the Ecumenical Temple
  2538 | Temple   | Became a worshipper of Uskayaw the Reveller
  2550 | Temple   | Upgraded the game from 0.31-a0-277-g31ea1f65cc to
                  | 0.31-a0-339-gda1cbd555d
  2599 | D:4      | Reached * piety under Uskayaw
  2617 | D:4      | Killed Robin
  2617 | D:4      | Reached ** piety under Uskayaw
  2625 | D:4      | Reached *** piety under Uskayaw
  2638 | D:4      | Reached **** piety under Uskayaw
  2886 | D:5      | Entered Level 5 of the Dungeon
  2903 | D:5      | Found a burning altar of Makhleb.
  3152 | D:4      | Slain by a black bear

Illustrated notes

Levels and vault maps discovered:
D:1:      minmay_arrival_five_plusses, layout_rooms, nicolae_wormholes
D:2:      layout_loops_ring, nicolae_nh_oracle_at_delphi
D:3:      layout_basic, uniq_grinder
D:4:      layout_basic, minmay_temple_entry_trees, minmay_misc_feat_room,
          uniq_robin
D:5:      corexii_shantytown, layout_cave_pools, mainiacjoe_overflow_alcove_2,
          minmay_ruined_shrine
Temple:   compressed_dpeg_circular_temple

Skill      XL: |  1  2  3  4  5  6  7 |
---------------+----------------------+-----
Unarmed Combat | 3 4 |  4.4
Fighting       | 3 4 |  4.4
Dodging        | 3 4 |  4.5
Shapeshifting  | 4 |  4.5

Action                     |  1- 3 |  4- 6 |  7- 9 || total
---------------------------+-------+-------+-------++-------
  Melee: Unarmed           |    56 |    83 |    57 ||   196
         Constrict         |    18 |    21 |    18 ||    57
         Tentacles         |    12 |    18 |    24 ||    54
         Punch             |     3 |     1 |     1 ||     5
Ability: Begin Untransform |       |     1 |       ||     1
  Evoke: Wand              |       |     4 |       ||     4
    Use: Potion            |       |     2 |     1 ||     3
         Scroll            |       |     6 |     1 ||     7
   Stab: Sleeping          |     6 |     4 |     1 ||    11
         Paralysed         |       |     3 |     2 ||     5
         Distracted        |       |     1 |     1 ||     2
 Armour: Skin              |     4 |    17 |     4 ||    25
  Dodge: Dodged            |    33 |    36 |    33 ||   102
   Form: Beast             |       |     1 |       ||     1

Table legend: (Time is in decaauts)
 A = Elapsed time spent in this place.
 B = Non-inter-level travel time spent in this place.
 C = Inter-level travel time spent in this place.
 D = Time resting spent in this place.
 E = Time spent auto-exploring this place.
 F = Levels seen in this place.
 G = Mean time per level.
                   A        B        C        D        E       F      G
               +--------+--------+--------+--------+--------+-----+--------+
         Total |   3141 |   3050 |     91 |    624 |   1752 |   6 |  523.5 |
       Dungeon |   3016 |   2950 |     66 |    624 |   1671 |   5 |  603.2 |
        Temple |    124 |     99 |     25 |      0 |     81 |   1 |  124.0 |
               +--------+--------+--------+--------+--------+-----+--------+

Top non-repeatable levels by time:
     D:4: 1146 daAuts
     D:2: 679 daAuts
     D:3: 674 daAuts
     D:1: 478 daAuts
  Temple: 124 daAuts
     D:5: 37 daAuts
